cohdb
Replays
Latest Replays
All Replays
Popular Replays
Top Player Replays
Match Explorer
How It Works
Community
CoH3 Stats
Reddit
Sign in to upload your games and track your stats! →
Sign in with Steam
Match 44480766
Unlisted
Match 44480766
Overview
Messages
Build Orders
End
Scout Squad
Construct Barracks
1⁄4-ton 4x4 Truck
Selects Heavy Weapons
Riflemen Squad
Infantry Support Center
Engineer Squad
Riflemen Squad
Construct Medical Station
M1918 Browning Automatic Rifles
Riflemen Squad
Riflemen Squad
Selects M2HB .50cal Heavy Machine Gun
Grenade Package
Construct Tank Depot
Selects Assault Carriers
Selects Exchangeable Parts
M4(105) Sherman Bulldozer
Engineer Squad
Selects M26 Pershing Heavy Tank
M18 Hellcat Tank Destroyer
Shinshigumi
tomorin
0
0
Comments
sign in to comment!
No comments posted yet!